 Dungeon Crawl Stone Soup version 0.20.0-15-g7f486f2 (webtiles) character file.

1820 vishdafish the Cleaver (level 9, -6/75 HPs)
             Began as a Hill Orc Fighter on June 19, 2017.
             Was a Follower of Beogh.
             Mangled by an ogre
             ... wielding a +0 giant club
              (28 damage)
             ... on level 6 of the Dungeon.
             The game lasted 00:13:35 (5163 turns).

vishdafish the Cleaver (Hill Orc Fighter)           Turns: 5163, Time: 00:13:36

Health: -6/75      AC:  8    Str: 21    XL:     9   Next: 10%
Magic:  9/9        EV:  9    Int:  8    God:    Beogh [*.....]
Gold:   249        SH: 10    Dex: 11    Spells: 8/8 levels left

rFire    . . .     SeeInvis .   a - +1 war axe
rCold    . . .     Gourm    .   c - +0 shield
rNeg     . . .     Faith    .   b - +0 scale mail
rPois    .         Spirit   .   q - +0 helmet
rElec    .         Reflect  .   (no cloak)
rCorr    .         Harm     .   (no gloves)
MR       .....                  (no boots)
Stlth    ..........             (no amulet)
Regen    0.3/turn               (no ring)
MPRegen  0.2/turn               (no ring)

@: berserk cooldown, slowed, very slow
A: no striking features
a: Renounce Religion


You were on level 6 of the Dungeon.
You worshipped Beogh.
Beogh was aware of your devotion.
You were very hungry.

You visited 1 branch of the dungeon, and saw 6 of its levels.

You collected 249 gold pieces.

Inventory:

Hand Weapons
 a - a +1 war axe (weapon)
 C - a +1 hand axe of distortion
Armour
 b - a +0 scale mail (worn)
 c - a +0 shield (worn)
 q - a +0 helmet (worn)
Magical Staves
 u - an uncursed staff of fire
Wands
 t - a wand of lightning (6/15)
 w - a wand of flame (27/48)
 A - a wand of flame (25/48)
Scrolls
 e - a scroll of identify
 h - a scroll of recharging {unknown}
 j - 8 scrolls of remove curse
 k - a scroll of amnesia {unknown}
 l - a scroll of random uselessness {unknown}
 m - a scroll of enchant weapon
 n - a scroll of blinking {unknown}
 o - 2 scrolls of noise {unknown}
 p - 4 scrolls of teleportation {unknown}
 x - a scroll of fear {unknown}
 y - a scroll of magic mapping {unknown}
Potions
 d - a potion of might
 i - a potion of agility {unknown}
 s - 2 potions of curing {unknown}
 v - a potion of resistance {unknown}
 z - 2 potions of berserk rage
 B - a potion of lignification {unknown}
Comestibles
 f - 2 bread rations
 g - 3 royal jellies
 r - 3 meat rations


   Skills:
 + Level 6.1 Fighting
 + Level 9.7 Axes
 + Level 6.1 Armour
 + Level 2.2 Dodging
 - Level 1.0 Stealth
 + Level 6.7 Shields


You had 8 spell levels left.
You didn't know any spells.

Dungeon Overview and Level Annotations

Branches:
Dungeon (6/15)             Temple (0/1) D:5

Altars:
Nemelex Xobeh
Okawaru
Sif Muna


Message History

You kill the hound!
Beogh accepts your kill.
You closely miss the hound. The hound bites you but does no damage.
You slash the hound!
The hound is almost dead.
The hound bites you but does no damage.
You barely miss the hound.
The hound is almost dead.
The hound bites you but does no damage.
You slash the hound!
You kill the hound!
Beogh accepts your kill.
An ogre comes into view. It is wielding a giant club.
You see here a hound corpse.
You feel a strong urge to attack something.
You are no longer berserk.
You are exhausted.
You feel yourself slow down. The ogre hits you with a giant club!!
You die...

.##.##...<..†....#
.....#...........#
#...#..............
.......##......##.#
####†............ #
#...†.............
##........###...#..
#........##...#.###
####.....@####.###... #
#.(..(...O# ..# #.
#.).###.....###.######
.................).......
..#.....###########.####..
#...>.# .# #.....# .#
####### .# ##


You could see an ogre.

Vanquished Creatures
  Grinder (D:4)
  Sigmund (D:2)
  Menkaure (D:5)
  A water moccasin (D:5)
  A phantom (D:5)
  An ogre (D:6)
  A centaur (D:6)
  Blork the orc (D:5)
  2 big kobolds (D:4)
  A bullfrog (D:6)
  A scorpion (D:5)
  2 howler monkeys (D:6)
  2 crimson imps
  A bullfrog skeleton (D:6)
  2 hounds (D:6)
  Ijyb (D:5)
  An iguana (D:6)
  An orc wizard (D:6)
  3 worker ants
  A killer bee zombie (D:5)
  Robin (D:2)
  A howler monkey skeleton (D:4)
  11 adders
  2 gnolls (D:5)
  2 shadow imps
  An ooze (D:2)
  An adder skeleton (D:5)
  3 dart slugs
  A worm (D:3)
  4 leopard geckos
  8 orcs
  A ball python (D:4)
  7 bats
  7 giant cockroaches
  11 goblins
  14 hobgoblins
  11 jackals
  A quokka (D:2)
  4 frilled lizards
  A jackal skeleton (D:4)
  13 kobolds
  6 rats
137 creatures vanquished.

Vanquished Creatures (others)
  An orc wizard (D:3)
  An orc (D:3)
  2 goblins (D:3)
  A bat (D:3)
  A rat (D:3)
6 creatures vanquished.

Grand Total: 143 creatures vanquished

Notes
Turn   | Place    | Note
-------+----------+-------------------------------------------
     0 | D:1      | vishdafish the Hill Orc Fighter began the quest for the Orb.
     0 | D:1      | Reached XP level 1. HP: 19/19 MP: 1/1
    89 | D:1      | Reached XP level 2. HP: 25/27 MP: 2/2
   471 | D:1      | Reached skill level 3 in Axes
   471 | D:1      | Reached XP level 3. HP: 33/33 MP: 3/3
   673 | D:2      | Reached XP level 4. HP: 39/41 MP: 4/4
   915 | D:2      | Noticed Sigmund
   930 | D:2      | Killed Sigmund
   930 | D:2      | Reached skill level 5 in Axes
   930 | D:2      | Reached skill level 1 in Dodging
   930 | D:2      | Reached XP level 5. HP: 18/47 MP: 5/5
   930 | D:2      | Reached XP level 6. HP: 21/53 MP: 6/6
  1207 | D:2      | Noticed Robin
  1232 | D:2      | Killed Robin
  1610 | D:3      | Became a worshipper of Beogh the Brigand
  2341 | D:4      | Reached * piety under Beogh
  2346 | D:4      | Noticed Grinder
  2359 | D:4      | Paralysed by Grinder for 7 turns
  2393 | D:5      | Entered Level 5 of the Dungeon
  2706 | D:4      | Killed Grinder
  2706 | D:4      | Reached skill level 5 in Fighting
  2706 | D:4      | Reached skill level 6 in Axes
  2706 | D:4      | Reached skill level 5 in Shields
  2706 | D:4      | Reached XP level 7. HP: 24/61 MP: 7/7
  3422 | D:4      | Reached skill level 7 in Axes
  3422 | D:4      | Reached skill level 5 in Armour
  3509 | D:5      | Found an iron altar of Okawaru.
  3531 | D:5      | Found a sparkling altar of Nemelex Xobeh.
  3535 | D:5      | Found a deep blue altar of Sif Muna.
  3554 | D:5      | Noticed Ijyb
  3573 | D:5      | Killed Ijyb
  3573 | D:5      | Reached XP level 8. HP: 58/69 MP: 8/8
  3630 | D:5      | Found a staircase to the Ecumenical Temple.
  3668 | D:5      | Noticed Menkaure
  3679 | D:5      | Killed Menkaure
  4116 | D:5      | Noticed Blork the orc
  4132 | D:5      | Killed Blork the orc
  4132 | D:5      | Reached skill level 8 in Axes
  4805 | D:5      | Reached skill level 1 in Stealth
  5026 | D:6      | Reached skill level 9 in Axes
  5145 | D:6      | Reached XP level 9. HP: 24/75 MP: 9/9
  5163 | D:6      | Mangled by an ogre

Skill      XL: |  1  2  3  4  5  6  7  8 |
---------------+-------------------------+-----
Fighting       | 4 5 6 |  6.1
Axes           | 3 5 6 7 9 |  9.7
Shields        | 4 5 6 |  6.7
Armour         | 4 5 6 |  6.1
Dodging        | 1 2 |  2.2
Stealth        | 1 |  1.0

Action                   |  1- 3 |  4- 6 |  7- 9 || total
-------------------------+-------+-------+-------++-------
Melee: War axe           |    83 |   193 |   249 ||   525
Invok: Convert to Beogh  |       |     1 |       ||     1
  Use: Potion            |       |     2 |     1 ||     3
       Scroll            |       |     2 |       ||     2
  Eat: Bread ration      |       |     2 |     1 ||     3
Armor: Scale mail        |    38 |   102 |    81 ||   221
Dodge: Dodged            |    34 |    77 |    77 ||   188
Block: Shield            |    50 |   153 |   108 ||   311
